 Dungeon Crawl Stone Soup version 0.20-a0-1000-g0e8f6bb (webtiles) character file.

23 GlassEater the Vexing (level 3, 0/27 HPs)
             Began as a Bultungin Wanderer on Apr 12, 2017.
             Slain by a hobgoblin
             ... wielding a +0 club
              (1 damage)
             ... on level 2 of the Dungeon.
             The game lasted 00:02:46 (1212 turns).

GlassEater the Vexing (Bultungin Wanderer)          Turns: 1212, Time: 00:02:46

Health: 0/27       AC:  6    Str: 12    XL:     3   Next: 0%
Magic:  5/5        EV: 10    Int: 12    God:
Gold:   24         SH:  0    Dex: 13    Spells: 5/5 levels left

rFire    . . .     SeeInvis +   k - -1 spear (curse)
rCold    . . .     Gourm    .   (no shield)
rNeg     . . .     Faith    .   b - +0 ring mail
rPois    .         Spirit   .   (no helmet)
rElec    .         Reflect  .   (no cloak)
rCorr    .         Harm     .   (no gloves)
MR       .....                  (no boots)
Stlth    +.........             (no amulet)
Regen    0.1/turn               (no ring)
MPRegen  0.1/turn               (no ring)

@: no status effects
A: short attention span, fangs 1, see invisible, strong nose
a: no special abilities


You were on level 2 of the Dungeon.
You were very hungry.

You visited 1 branch of the dungeon, and saw 2 of its levels.

You collected 24 gold pieces.

Inventory:

Hand Weapons
 d - a +0 club
 k - a cursed -1 spear (weapon)
Armour
 b - a +0 ring mail (worn)
Scrolls
 c - 5 scrolls of teleportation
 g - a scroll of identify {unknown}
 h - a scroll of noise {unknown}
 i - a scroll of fear {unknown}
 l - a scroll of enchant armour {unknown}
 m - a scroll of blinking {unknown}
Potions
 e - a potion of lignification {unknown}
 n - a potion of curing {unknown}
Books
 a - a book of Maledictions

   Spells                             Type                      Level
   a - Corona                         Hexes                        1
   b - Ensorcelled Hibernation        Hexes/Ice                    2
   c - Confuse                        Hexes                        3
   d - Tukima's Dance                 Hexes                        3
   e - Dazzling Spray                 Conjuration/Hexes            3
Comestibles
 f - 3 bread rations
 j - a meat ration


   Skills:
 + Level 1.7 Fighting
 - Level 1.5 Throwing
 + Level 4.7 Armour
 + Level 0.4 Stealth
 + Level 1.9 Spellcasting
   Level 5.8 Hexes
   Level 1.5 Evocations


You had 5 spell levels left.
You didn't know any spells.

Dungeon Overview and Level Annotations

Branches:
Dungeon (2/15)

Altars:


Innate Abilities, Weirdness & Mutations

You have a short attention span.
You have very sharp teeth.
You have supernaturally acute eyesight. (SInv)
Your uncanny sense of smell can sniff out nearby items.


Message History

The kobold barely misses you. The hobgoblin closely misses you.
The kobold hits you but does no damage. The hobgoblin hits you with a club.
* * * LOW HITPOINT WARNING * * *
The kobold misses you. The hobgoblin hits you with a club.
* * * LOW HITPOINT WARNING * * *
The kobold barely misses you.
The hobgoblin hits you but does no damage.
The kobold barely misses you. The hobgoblin closely misses you.
The kobold hits you.
* * * LOW HITPOINT WARNING * * *
The hobgoblin hits you but does no damage.
The kobold hits you but does no damage.
The hobgoblin hits you but does no damage.
The kobold hits you but does no damage. The hobgoblin barely misses you.
The kobold hits you but does no damage. The kobold hits you.
* * * LOW HITPOINT WARNING * * *
The hobgoblin hits you with a club.
You die...

......... #####
..........
.....##........##
......$.........#
.....#..........#
................#
....)...........#
........K)...(..#
.....##g@......#
... ##.<....## .
∆ ##.##.## ∆ ..#
.. .... ...
...... ##
......## .......#
.......##


You could see a hobgoblin and a kobold.

Vanquished Creatures
  An ooze (D:1)
  A bat (D:1)
  2 giant cockroaches (D:1)
  A goblin (D:1)
  3 hobgoblins (D:1)
  3 jackals (D:1)
  2 kobolds
  2 frilled lizards (D:1)
  A rat (D:2)
16 creatures vanquished.

Notes
Turn   | Place    | Note
-------+----------+-------------------------------------------
     0 | D:1      | GlassEater the Bultungin Wanderer began the quest for the Orb.
     0 | D:1      | GlassEater set off with: a book of Maledictions, a +0 ring mail, a scroll of teleportation, a +0 club, a bread ration
     0 | D:1      | Reached XP level 1. HP: 15/15 MP: 3/3
   270 | D:1      | Reached XP level 2. HP: 21/22 MP: 4/4
  1181 | D:2      | Reached XP level 3. HP: 8/27 MP: 5/5
  1212 | D:2      | HP: 1/27 [kobold (1)]
  1212 | D:2      | Slain by a hobgoblin

Vault maps used:
D:1:      minmay_arrival_five_plusses, minmay_misc_feat_nine_boxes,
          serial_park_tiny_2
D:2:      uniq_natasha

Skill      XL: |  1  2 |
---------------+-------+-----
Armour         | 4 |  4.7
Fighting       | |  1.7
Throwing       | |  1.5
Stealth        | |  0.4
Spellcasting   | |  1.9
Hexes          | |  5.8
Evocations     | |  1.5

Action                   || total
-------------------------++-------
Melee: Club              ||    55
       Bite              ||    10
       Spear             ||    82
Armor: Ring mail         ||    93
Dodge: Dodged            ||   116
